 Dungeon Crawl Stone Soup version 0.21.1-1-g345015f (webtiles) character file.

7697 teukkam the Fighter (level 11, -8/102 HPs)
             Began as a Minotaur Berserker on Feb 19, 2018.
             Was an Elder of Trog.
             Mangled by a spiny frog (16 damage)
             ... on level 3 of the Lair of Beasts.
             The game lasted 00:27:49 (7911 turns).

teukkam the Fighter (Minotaur Berserker)            Turns: 7911, Time: 00:27:50

Health: -8/102     AC:  8    Str: 25    XL:     11   Next: 0%
Magic:  14/14      EV: 12    Int:  4    God:    Trog [****..]
Gold:   358        SH:  0    Dex: 10    Spells: 10/10 levels left

rFire    . . .     SeeInvis .   a - +6 spear of Fate {venom, rC- rN++}
rCold    x . .     Gourm    .   (no shield)
rNeg     + + .     Faith    .   P - +3 leather armour {MR+}
rPois    .         Spirit   .   (helmet restricted)
rElec    .         Reflect  .   F - +0 cloak
rCorr    .         Harm     .   (no gloves)
MR       +....                  j - +0 pair of boots
Stlth    +.........             (no amulet)
HPRegen  0.27/turn              (no ring)
MPRegen  0.14/turn              (no ring)

@: about to teleport
A: retaliatory headbutt, horns 2
a: Berserk, Trog's Hand, Brothers in Arms, Burn Spellbooks, Renounce Religion


You were on level 3 of the Lair of Beasts.
You worshipped Trog.
Trog was greatly pleased with you.
You were not hungry.

You visited 3 branches of the dungeon, and saw 13 of its levels.

You collected 533 gold pieces.
You spent 175 gold pieces at shops.

Inventory:

Hand Weapons
 a - the +6 spear of Fate (weapon) {venom, rC- rN++}
   (You found it on level 6 of the Dungeon)

   It poisons the flesh of those it strikes.
   It makes you vulnerable to cold.
   It greatly protects you from negative energy.
 b - the +6 hunting sling "Saiddual" {flame, +Inv rN+ Dex+4}
   (You bought it in a shop on level 4 of the Dungeon)

   It causes projectiles fired from it to burn those they strike, causing extra
   injury to most foes and up to half again as much damage against particularly
   susceptible opponents.
   It affects your dexterity (+4).
   It protects you from negative energy.
   It lets you turn invisible.
 g - a +5 dagger
 o - a +1 short sword of electrocution
 E - a +0 hand axe
 G - a +0 shortbow
 K - a +2 dire flail
 L - a +2 quarterstaff of chaos
Missiles
 f - 10 tomahawks (quivered)
 x - 95 stones
 H - 142 arrows
 I - 59 sling bullets
 J - 2 throwing nets
Armour
 j - a +0 pair of boots (worn)
 F - a +0 cloak (worn)
 P - a +3 leather armour of magic resistance (worn)
Jewellery
 h - an uncursed ring of ice
 N - an uncursed ring of fire
Wands
 l - a wand of polymorph (19)
 C - a wand of flame (52)
 M - a wand of iceblast (11)
Scrolls
 e - 2 scrolls of remove curse
 u - a scroll of enchant weapon
 v - 2 scrolls of teleportation
 w - 7 scrolls of identify {unknown}
 y - 2 scrolls of blinking {unknown}
 A - 2 scrolls of amnesia {unknown}
Potions
 d - 2 potions of magic {unknown}
 k - a potion of agility {unknown}
 m - 5 potions of curing {unknown}
 q - 3 potions of degeneration {unknown}
 r - a potion of lignification {unknown}
 B - a potion of haste {unknown}
Books
 z - a book of Minor Magic

   Spells                             Type                      Level
   a - Magic Dart                     Conjuration                  1
   b - Blink                          Translocation                2
   c - Call Imp                       Summoning                    2
   d - Slow                           Hexes                        2
   e - Conjure Flame                  Conjuration/Fire             3
   f - Mephitic Cloud                 Conjuration/Poison/Air       3
   Trog disapproves of the use of such an item.
 D - a book of Cantrips

   Spells                             Type                      Level
   a - Confusing Touch                Hexes                        1
   b - Animate Skeleton               Necromancy                   1
   c - Summon Small Mammal            Summoning                    1
   d - Apportation                    Translocation                1
   Trog disapproves of the use of such an item.
Comestibles
 c - 5 rations


   Skills:
 + Level 11.5 Fighting
 - Level 4.2 Short Blades
 - Level 4.5(6.6) Axes
 + Level 7.6(8.6) Polearms
 - Level 3.9(6.2) Staves
 + Level 8.6 Slings
 - Level 3.6 Armour
 - Level 3.2 Dodging
 + Level 6.6 Evocations


You had 10 spell levels left.
You didn't know any spells.

Dungeon Overview and Level Annotations

Branches:
Dungeon (9/15)             Temple (1/1) D:4            Lair (3/6) D:8
  Swamp: Lair:2-4    Shoals: Lair:2-4     Snake: Lair:2-4    Spider: Lair:2-4
    Orc: D:9-12

Altars:
Ashenzari
Dithmenos
Makhleb
Okawaru
Qazlal
Ru
Sif Muna
Trog
Uskayaw
Vehumet
Xom
The Shining One

Shops:
D:4 (


Innate Abilities, Weirdness & Mutations

You reflexively headbutt those who attack you in melee.
You have a pair of horns on your head.


Message History

You feel much better. The spiny frog stings you.
The wolf bites you but does no damage. The wolf barely misses you.
The spiny frog barely misses you.
A dream sheep comes into view.
As you read the scroll labeled ISCHOT MIEKUMP, it crumbles to dust.
It is a scroll of enchant weapon.
Your +4 dagger glows red for a moment.
The wolf bites you!
* * * LOW HITPOINT WARNING * * *
The wolf bites you.
* * * LOW HITPOINT WARNING * * *
The wolf closely misses you. The wolf bites you!
* * * LOW HITPOINT WARNING * * *
The spiny frog misses you.
A porcupine comes into view.
As you read the scroll labeled YDUBRE UREAPE, it crumbles to dust.
You feel strangely unstable.
It was a scroll of teleportation.
The wolf bites you but does no damage. The wolf bites you.
* * * LOW HITPOINT WARNING * * *
The wolf bites you but does no damage. The spiny frog stings you!
You die...

#.#.###.........#..##.####**,,,,,
...................r......,,,,,,,
..........................,,,,,,,
..........................,,,,,,,
.....................Y...(,,,,,,,
.....................((...,,,,,,,
................kh.†......,,,,,,,
...†...........hFhh.......,,,,,,,
#P.#P#...#####.h@##.#.####*,*,,,,
#######.## ####.###** ***,,,, ###
### *,,,, *,,,, **,,,, *** *,,,,,
#### **,** *** **,,,,
...#######P..##*********,***,,,,,
...............,,,,,,,,,,,,,,,,,,


You could see a spiny frog, a rime drake, 5 wolves, a dream sheep and a
porcupine.

Vanquished Creatures
  A two-headed ogre (D:9)
  2 spiny frogs
  3 komodo dragons (Lair:3)
  3 blink frogs (Lair:3)
  A hippogriff (Lair:3)
  A basilisk (D:8)
  5 yaks (D:8)
  Menkaure (D:7)
  The ghost of SaintRoka the Grappler, an amateur VSGl (D:3)
  2 water moccasins
  4 porcupines
  A black bear (D:6)
  3 ice beasts
  A sky beast (D:7)
  An orc warrior (D:7)
  A wolf (Lair:3)
  3 ogres
  3 centaurs
  6 crocodiles
  3 bullfrogs
  A scorpion (D:4)
  4 wights (D:6)
  2 howler monkeys
  4 crimson imps
  The ghost of SaintRoka the Ruffian, a weakling VSGl (D:4)
  A bullfrog zombie (D:5)
  2 jellies (D:5)
  A quasit (D:6)
  8 orc wizards
  4 orc priests
  Crazy Yiuf (D:5)
  2 bullfrog skeletons
  A centaur skeleton (D:4)
  Terence (D:2)
  An iguana (D:7)
  3 worker ants
  A worker ant zombie (D:7)
  12 adders
  8 gnolls
  3 shadow imps
  3 oozes
  2 adder zombies
  2 worms
  5 dart slugs
  A leopard gecko (D:7)
  29 orcs
  4 giant cockroaches
  3 goblins
  4 hobgoblins
  6 jackals
  7 quokkas
  10 bats
  2 frilled lizards (D:1)
  5 kobolds
  22 rats
212 creatures vanquished.

Vanquished Creatures (others)
  A bush (D:8)
  3 plants (D:8)
4 creatures vanquished.

Grand Total: 216 creatures vanquished

Notes
Turn   | Place    | Note
-------+----------+-------------------------------------------
     0 | D:1      | teukkam the Minotaur Berserker began the quest for the Orb.
     0 | D:1      | Reached XP level 1. HP: 19/19 MP: 0/0
    99 | D:1      | Reached XP level 2. HP: 24/27 MP: 1/1
   225 | D:1      | Reached skill level 4 in Fighting
   442 | D:1      | Reached XP level 3. HP: 33/33 MP: 2/2
   689 | D:2      | Reached ** piety under Trog
  1145 | D:2      | Found a sacrificial altar of Ru.
  1324 | D:2      | Noticed Terence
  1328 | D:2      | Killed Terence
  1328 | D:2      | Reached XP level 4. HP: 41/41 MP: 3/3
  1633 | D:3      | Noticed SaintRoka's ghost (amateur VSGl)
  1638 | D:3      | Killed SaintRoka's ghost
  1638 | D:3      | Reached skill level 5 in Fighting
  1638 | D:3      | Reached XP level 5. HP: 48/48 MP: 4/4
  1948 | D:3      | Found a shimmering altar of Xom.
  2002 | D:3      | Found a faded altar of an unknown god.
  2207 | D:4      | Reached XP level 6. HP: 57/57 MP: 5/5
  2210 | D:4      | Reached *** piety under Trog
  2212 | D:4      | Reached skill level 6 in Fighting
  2272 | D:4      | Noticed SaintRoka's ghost (weakling VSGl)
  2282 | D:4      | Killed SaintRoka's ghost
  2369 | D:4      | Found a bloodstained altar of Trog.
  2442 | D:4      | Found a staircase to the Ecumenical Temple.
  2561 | D:4      | Found Pir Jul's Antique Weapon Boutique.
  2579 | D:4      | Bought a steaming hunting sling for 175 gold pieces
  2579 | D:4      | Identified the +6 hunting sling "Saiddual" {flame, +Inv rN+ Dex+4} (You bought it in a shop on level 4 of the Dungeon)
  2654 | D:4      | Found a burning altar of Makhleb.
  2670 | D:4      | Found a hide-covered altar of Uskayaw.
  2688 | D:4      | Reached XP level 7. HP: 64/64 MP: 6/6
  2905 | D:4      | Found a shadowy altar of Dithmenos.
  3080 | Temple   | Entered the Ecumenical Temple
  3111 | D:5      | Entered Level 5 of the Dungeon
  3133 | D:5      | Reached skill level 1 in Slings
  3195 | D:5      | Reached skill level 7 in Fighting
  3214 | D:5      | Found a glowing golden altar of the Shining One.
  3257 | D:5      | Found a shattered altar of Ashenzari.
  3387 | D:5      | Found a radiant altar of Vehumet.
  3449 | D:5      | Found a runed door.
  3454 | D:5      | Noticed Crazy Yiuf
  3460 | D:5      | Killed Crazy Yiuf
  3548 | D:5      | Reached skill level 1 in Staves
  3590 | D:5      | Reached skill level 1 in Evocations
  3598 | D:5      | Received a gift from Trog
  3598 | D:5      | Reached skill level 8 in Fighting
  3598 | D:5      | Reached XP level 8. HP: 66/74 MP: 6/8
  4421 | D:6      | Reached **** piety under Trog
  4721 | D:6      | Found a deep blue altar of Sif Muna.
  4738 | D:6      | Got a slimy spear
  4739 | D:6      | Identified the +6 spear of Fate {venom, rC- rN++} (You found it on level 6 of the Dungeon)
  4881 | D:6      | Reached skill level 1 in Polearms
  5147 | D:7      | Reached skill level 5 in Slings
  5164 | D:7      | Reached skill level 9 in Fighting
  5201 | D:7      | Noticed Menkaure
  5209 | D:7      | Killed Menkaure
  5209 | D:7      | Reached XP level 9. HP: 35/83 MP: 10/10
  6002 | D:7      | Found an iron altar of Okawaru.
  6374 | D:9      | Noticed a two-headed ogre
  6385 | D:9      | Killed a two-headed ogre
  6385 | D:9      | Reached skill level 10 in Fighting
  6487 | D:8      | Found a staircase to the Lair.
  6508 | D:8      | Reached skill level 5 in Polearms
  6510 | D:8      | Received a gift from Trog
  6510 | D:8      | Reached skill level 5 in Evocations
  6512 | D:8      | Reached XP level 10. HP: 61/93 MP: 12/12
  7095 | Lair:1   | Entered Level 1 of the Lair of Beasts
  7095 | Lair:1   | Noticed a spiny frog
  7104 | Lair:1   | Killed a spiny frog
  7276 | Lair:3   | Reached skill level 11 in Fighting
  7658 | Lair:3   | Noticed a spiny frog
  7668 | Lair:3   | Killed a spiny frog
  7842 | Lair:3   | Received a gift from Trog
  7898 | Lair:3   | Noticed a spiny frog
  7900 | Lair:3   | Reached XP level 11. HP: 102/102 MP: 14/14
  7911 | Lair:3   | Mangled by a spiny frog

Skill      XL: |  1  2  3  4  5  6  7  8  9 10 |
---------------+-------------------------------+-----
Axes           | 4 |  4.5
Fighting       | 4 5 6 8 9 10 11 | 11.5
Armour         | 3 |  3.6
Dodging        | 3 |  3.2
Short Blades   | 2 4 |  4.2
Slings         | 3 5 7 8 |  8.6
Staves         | 2 3 |  3.9
Evocations     | 1 3 5 6 |  6.6
Polearms       | 1 5 7 |  7.6

Action                   |  1- 3 |  4- 6 |  7- 9 | 10-12 || total
-------------------------+-------+-------+-------+-------++-------
Melee: Hand axe          |    79 |    33 |    46 |       ||   158
       Headbutt          |    12 |    12 |    20 |    14 ||    58
       Short sword       |       |    34 |       |       ||    34
       Quarterstaff      |       |       |    15 |       ||    15
       Spear             |       |       |    49 |    77 ||   126
       Hunting sling     |       |       |       |     2 ||     2
 Fire: Hunting sling     |       |     2 |   142 |    60 ||   204
Throw: Tomahawk          |     2 |     5 |     2 |     3 ||    12
Invok: Berserk           |     2 |     3 |     2 |       ||     7
 Abil: Evoke Invisibilit |       |       |     7 |     3 ||    10
Evoke: Wand              |       |       |     1 |       ||     1
  Use: Scroll            |       |       |       |     6 ||     6
       Potion            |       |       |       |     3 ||     3
  Eat: Chunk             |     2 |     4 |     7 |     2 ||    15
       Ration            |       |     2 |     2 |     1 ||     5
Armor: Animal skin       |    15 |       |       |       ||    15
       Ring mail         |       |    14 |    55 |     8 ||    77
       Leather armour    |       |       |       |    18 ||    18
Dodge: Dodged            |    74 |    41 |    92 |    59 ||   266
